AoeStats
← 18 on berries

Arena

510775976Analyzed
1v1 RM · 22h ago on Oct 2, 2026· 16m 20s· 2 players
Game mode
Random Map
Map size
Tiny (2 player)
Population
200
Speed
Normal
Resources
Standard
Victory
Conquest
Starting age
Dark Age
Ending age
Imperial Age
RankedLock teamsTeams togetherTeam positionsShared explorationLock speedFull tech treeHidden civsTurbo modeCheats
Victory
Defeat
🇩🇪 Khitans · Germany
1910
+20
🇹🇼 Wu · Taiwan
2008
-20
18 on berries
10:36 Feudal Age
14:48 Castle Age
12:45 Double-Bit Axe
12:51 Domestication
14:54 Light Cavalry
15:33 Loom
[LuB]myqbox
10:52 Feudal Age
10:29 Loom
14:58 Castle Age
12:51 Double-Bit Axe
13:43 Gold Mining
13:45 Horse Collar
Connection lost

Rejoining the realm…

Still unreachable

The connection could not be restored.

Session expired

The server has moved on; the page needs a fresh start.